 Dungeon Crawl Stone Soup version 0.31-a0-700-gf13585253f (webtiles) character file.

Game seed: 4708487881684695867

35 SmokeWeed the Conjurer (level 3, -3/19 HPs)
             Began as a Deep Elf Conjurer on Sept 7, 2023.
             Slain by Terence
             ... wielding a +0 short sword
              (5 damage)
             ... on level 2 of the Dungeon.
             The game lasted 00:03:26 (1274 turns).

SmokeWeed the Conjurer (Deep Elf Conjurer)          Turns: 1274, Time: 00:03:26

Health: -3/19      AC:  2    Str:  4    XL:     3   Next: 16%
Magic:  0/9        EV: 12    Int: 22    God:
Gold:   60         SH:  0    Dex: 15    Spells: 5/8 levels left

rFire   . . .        d - +3 dagger
rCold   . . .        (no shield)
rNeg    . . .        a - +0 robe
rPois   .            (no helmet)
rElec   .            (no cloak)
rCorr   .            (no gloves)
SInv    .            (no boots)
Will    .....        (no amulet)
Stlth   ++           (no ring)
HPRegen 0.23/turn    (no ring)
MPRegen 0.11/turn

%: no passive effects
@: no status effects
A: no striking features
a: no special abilities


You were on level 2 of the Dungeon.
You visited 1 branch of the dungeon, and saw 2 of its levels.

You collected 60 gold pieces.

Inventory:

Hand Weapons
 d - a +3 dagger (weapon)
Missiles
 g - 9 poisoned darts
 j - 6 boomerangs
Armour
 a - a +0 robe (worn)
Scrolls
 e - 2 scrolls of amnesia {unknown}
 f - a scroll of identify {unknown}
 k - a scroll of teleportation {unknown}
Potions
 b - a potion of magic
 c - a potion of might {unknown}
 h - a potion of ambrosia {unknown}
 i - a potion of curing {unknown}
 l - a potion of mutation {unknown}


   Skills:
 + Level 2.5 Dodging
 + Level 2.5 Stealth
 + Level 3.3 Spellcasting
 + Level 5.3 Conjurations


You had 5 spell levels left.
You knew the following spells:

 Your Spells              Type           Power      Damage    Failure   Level
a - Magic Dart            Conj           100%       1d8       1%          1
b - Searing Ray           Conj           54%        2d6       1%          2

Your spell library contained the following spells:

 Spells                   Type           Power      Damage    Failure   Level
 Sandblast                Erth           6%         2d5       12%         1
 Dazzling Flash           Conj/Hex       30%        N/A       12%         3
 Stone Arrow              Conj/Erth      30%        3d8       12%         3
 Passwall                 Tmut/Erth      2%         N/A       19%         2
 Fulminant Prism          Conj/Hex       7%         3d7       36%         4
 Iskenderun's Mystic Bla  Conj/Tloc      15%        2d5       36%         4


Dungeon Overview and Level Annotations

Branches:
Dungeon (2/15)

Altars:
Kikubaaqudgha

Annotations:
D:2 Terence


Message History

Aiming: Magic Dart (safe; 1% risk of failure)
Press: ? - help, Q - select action, (/) - cycle Shift-Dir - straight line, f/p - Terence
Aim: Terence, wielding a +0 short sword and wearing a +0 scale mail (100% to hit)
The magic dart hits Terence but does no damage.
Aiming: Magic Dart (safe; 1% risk of failure)
Press: ? - help, Q - select action, (/) - cycle Shift-Dir - straight line, f/p - Terence
Aim: Terence, wielding a +0 short sword and wearing a +0 scale mail (100% to hit)
The magic dart hits Terence.
Terence is lightly wounded.
Aiming: Magic Dart (safe; 1% risk of failure)
Press: ? - help, Q - select action, (/) - cycle Shift-Dir - straight line, f/p - Terence
Aim: Terence, wielding a +0 short sword and wearing a +0 scale mail (lightly wounded, 100% to hit)
The magic dart hits Terence.
Terence is moderately wounded.
Terence attacks as he pursues you! Terence hits you with a +0 short sword!
Casting: Magic Dart (safe; 1% risk of failure)
Confirm with . or Enter, or press ? or * to list all spells.
Aiming: Searing Ray (safe; 1% risk of failure)
Press: ? - help, Shift-Dir - straight line, f/p - Terence
Aim: Terence, wielding a +0 short sword and wearing a +0 scale mail (moderately wounded, 82% to hit)
The searing ray hits Terence.
Terence is moderately wounded.
The searing ray hits the hobgoblin.
You kill the hobgoblin! (Press . to maintain the ray.) Terence hits you with a +0 short sword!
The searing ray hits Terence.
Terence is heavily wounded.
Terence hits you with a +0 short sword.
* * * LOW HITPOINT WARNING * * *
The searing ray hits Terence.
Terence is severely wounded.
Terence closely misses you.
Aiming: Magic Dart (safe; 1% risk of failure)
Press: ? - help, Q - select action, (/) - cycle Shift-Dir - straight line, f/p - Terence
Aim: Terence, wielding a +0 short sword and wearing a +0 scale mail (severely wounded, 100% to hit)
The magic dart hits Terence.
Terence is severely wounded.
Terence hits you with a +0 short sword.
You die...

#.# #................. #.#
######................. #.#
#....#...).............
#.####....##....##..###).)..
#.........##.##.###... .....
#####.....##.##..####.#.....
##....##.###.## .######
#...).)......###.##
#....#@####.......# ######@#
##.####..# . #.# #...# ..)
######=#######.##.....
..........g..).......#
#######.######......... #.#
###.g....# #.# .#..#.# #.#
###.# .


You could see Terence.

Vanquished Creatures
  A dart slug (D:1)
  2 bats (D:1)
  2 endoplasms
  A giant cockroach (D:1)
  7 goblins
  5 hobgoblins
  2 kobolds (D:1)
  A quokka (D:1)
  4 ball pythons
  4 rats (D:1)
29 creatures vanquished.

Notes
Turn   | Place    | Note
-------+----------+-------------------------------------------
     0 | D:1      | SmokeWeed the Deep Elf Conjurer began the quest for the
                  | Orb.
     0 | D:1      | Reached XP level 1. HP: 10/10 MP: 6/6
     1 | D:1      | Noticed an electric eel
   234 | D:1      | Reached XP level 2. HP: 15/15 MP: 5/8
   341 | D:1      | Reached skill level 5 in Conjurations
  1045 | D:2      | Found an ancient bone altar of Kikubaaqudgha.
  1046 | D:2      | Noticed Terence
  1057 | D:1      | Learned a level 2 spell: Searing Ray
  1130 | D:2      | Reached XP level 3. HP: 19/19 MP: 7/9
  1274 | D:2      | Slain by Terence

Illustrated notes

Levels and vault maps discovered:
D:1:      arrival_aquarium_a, layout_loops_ring, minmay_misc_feat_secret_circle,
          minivault_5, minmay_misc_feat_roman
D:2:      layout_rooms, basic_altar, uniq_terence

Skill      XL: |  1  2 |
---------------+-------+-----
Conjurations   | 5 |  5.3
Dodging        | |  2.5
Stealth        | |  2.5
Spellcasting   | |  3.3

Action                     || total
---------------------------++-------
  Melee: Dagger            ||     7
   Cast: Magic Dart        ||    49
         Searing Ray       ||     1
 Armour: Robe              ||    12
  Dodge: Dodged            ||    13

Table legend: (Time is in decaauts)
 A = Elapsed time spent in this place.
 B = Non-inter-level travel time spent in this place.
 C = Inter-level travel time spent in this place.
 D = Time resting spent in this place.
 E = Time spent auto-exploring this place.
 F = Levels seen in this place.
 G = Mean time per level.
                   A        B        C        D        E       F      G
               +--------+--------+--------+--------+--------+-----+--------+
         Total |   1273 |   1233 |     40 |      0 |   1049 |   2 |  636.5 |
       Dungeon |   1273 |   1233 |     40 |      0 |   1049 |   2 |  636.5 |
               +--------+--------+--------+--------+--------+-----+--------+

Top non-repeatable levels by time:
     D:1: 1069 daAuts
     D:2: 204 daAuts
